 Dungeon Crawl Stone Soup version 0.29-a0-330-g52719c12eb (webtiles) character file.

Game seed: 6517246218814173752

1136 kae the Reanimator (level 8, 0/52 HPs)
             Began as a Mummy Necromancer on Apr 23, 2022.
             Was an Initiate of Yredelemnul.
             Slain by a hell rat (2 damage)
             ... on level 5 of the Dungeon.
             The game lasted 00:07:43 (6674 turns).

kae the Reanimator (Mummy Necromancer)              Turns: 6674, Time: 00:07:44

Health: 0/52       AC:  5    Str: 11    XL:     8   Next: 14%
Magic:  0/18       EV: 12    Int: 16    God:    Yredelemnul [......]
Gold:   268        SH:  0    Dex: 13    Spells: 6/20 levels left

rFire   x . .      SeeInvis .   b - staff of death
rCold   + . .      Faith    .   (no shield)
rNeg    + + +      Spirit   +   a - +1 robe
rPois   ∞          Reflect  .   (no helmet)
rElec   .          Harm     .   (no cloak)
rCorr   .          Rampage  .   (no gloves)
Will    +....                   g - +1 pair of boots
Stlth   ++........              d - amulet of guardian spirit
HPRegen 0.17/turn               (no ring)
MPRegen 0.16/turn               (no ring)

@: no status effects
A: cold resistance 1, negative energy resistance 3, torment resistance 2, heat
vulnerability 1, in touch with death 1, no potions
a: Renounce Religion, Recall Undead Harvest


You were on level 5 of the Dungeon.
You worshipped Yredelemnul.
Yredelemnul was noncommittal.
You visited 2 branches of the dungeon, and saw 6 of its levels.

You collected 268 gold pieces.

Inventory:

Hand Weapons
 c - a +0 short sword
 h - a +3 dagger of protection
Missiles
 k - a throwing net
Armour
 a - a +1 robe (worn)
 g - a +1 pair of boots (worn)
Magical Staves
 b - a staff of death (weapon)
Jewellery
 d - an amulet of guardian spirit (around neck)
Scrolls
 e - 6 scrolls of identify


   Skills:
 - Level 1.5 Dodging
 - Level 1.5 Stealth
 + Level 6.9 Spellcasting
 * Level 8.7 Necromancy
 + Level 1.9 Invocations


You had 6 spell levels left.
You knew the following spells:

 Your Spells              Type           Power      Damage    Failure   Level
a - Pain                  Necr           100%       1d9       1%          1
b - Animate Skeleton      Necr           100%       N/A       1%          1
c - Vampiric Draining     Necr           66%        2d10      1%          3
d - Animate Dead          Necr           33%        N/A       3%          4
e - Agony                 Necr           66%        N/A       10%         5

Your spell library contained the following spells:

 Spells                   Type           Power      Damage    Failure   Level
 Apportation              Tloc           10%        N/A       13%         1
 Alistair's Intoxication  Tmut/Pois      3%         N/A       98%         5


Dungeon Overview and Level Annotations

Branches:
Dungeon (5/15)             Temple (1/1) D:5

Altars:
Cheibriados
Elyvilon
Fedhas
Gozag
Hepliaklqana
Kikubaaqudgha
Makhleb
Nemelex Xobeh
Okawaru
Qazlal
Ru
Sif Muna
Trog
Uskayaw
Wu Jian
Yredelemnul
The Shining One

Shops:
D:2 (


Innate Abilities, Weirdness & Mutations

You are immune to poison.
Your flesh is cold resistant. (rC+)
You are immune to negative energy. (rN+++)
You are immune to unholy pain and torment.
You are vulnerable to heat. (rF-)
You are in touch with the powers of death.
You do not drink.


Message History

Unknown command.
Aiming: Paralyse
Press: ? - help, Shift-Dir - straight line, f - hell rat
Aim: a hell rat (moderately wounded, chance to affect: 49%)
The hell rat resists with some effort.
The hell rat bites you!
* * * LOW HITPOINT WARNING * * *
A hell rat is nearby!
Unknown command.
A hell rat is nearby!
Aiming: Paralyse
Press: ? - help, Shift-Dir - straight line, f/p - hell rat
Aim: a hell rat (moderately wounded, chance to affect: 49%)
The hell rat resists with some effort.
The now-empty wand crumbles to dust.
The hell rat closely misses you.
You aren't carrying any items that you can evoke.
Unknown command.
Unknown command.
You aren't carrying any items that you can evoke.
Okay, then.
Casting: Vampiric Draining (safe; 1% risk of failure)
Confirm with . or Enter, or press ? or * to list all spells.
You don't have enough magic to cast this spell.
You can't drink.
Unknown command.
You don't have any unidentified items.
Unknown command.
Casting: Vampiric Draining (safe; 1% risk of failure)
Confirm with . or Enter, or press ? or * to list all spells.
You can't see any susceptible monsters within range! (Use Z to cast anyway.)
You hit the hell rat but do no damage.
The hell rat is moderately wounded.
The hell rat misses you. The hell rat closely misses you.
You hit the hell rat.
The hell rat is moderately wounded.
The hell rat bites you but does no damage.
You hit the hell rat.
The hell rat is heavily wounded.
The hell rat bites you.
You die...
Yredelemnul claims you as an undead slave.

##### #..++.⌠.''.... #)..#
#...##...##... ..⌠.###
##.#..##...##.. #...#.#
#####..##..##...##.
#####.#########.....####..##.⌠.##
................##### ##..##+###
##......#########r#.# ##.......
##........######r#.##............
#.............##@##Z##...........
#............##.####Z#........##.
#.......#...##.## #Z##..[.......
#...)...#...#.## ##Z#[.....###.
#..........##.# #r#M.....# #.
#..........#.## #.r#......# #.
#.......#..##.# #rr#......###.
#.......#..#.## #.r#.....)....
#.......##.#Z# r#.#......###.


You could see 2 hell rats.

Vanquished Creatures
  Grinder (D:3)
  An ogre (D:4)
  2 scorpions
  A jelly (D:4)
  A gnoll shaman (D:5)
  A hound (D:4)
  3 iguanas (D:4)
  An orc wizard (D:5)
  Ijyb (D:5)
  8 gnolls
  7 river rats (D:5)
  7 adders
  An ufetubus (D:4)
  3 worms
  6 dart slugs
  3 orcs (D:5)
  6 ball pythons
  8 bats
  6 endoplasms
  5 giant cockroaches
  6 goblins
  9 hobgoblins
  2 quokkas
  4 frilled lizards
  4 kobolds
  6 rats
103 creatures vanquished.

Vanquished Creatures (collateral kills)
  Menkaure (D:5)
  An ogre (D:5)
  A river rat (D:5)
  A frilled lizard (D:3)
  A rat (D:3)
5 creatures vanquished.

Vanquished Creatures (others)
  An ogre zombie (D:5)
  3 gnoll zombies (D:5)
  2 orc zombies (D:5)
  3 river rat zombies (D:5)
  8 fungi (D:5)
  5 plants (D:3)
22 creatures vanquished.

Grand Total: 130 creatures vanquished

Notes
Turn   | Place    | Note
-------+----------+-------------------------------------------
     0 | D:1      | kae the Mummy Necromancer began the quest for the Orb.
     0 | D:1      | Reached XP level 1. HP: 13/13 MP: 4/4
   235 | D:1      | Reached XP level 2. HP: 19/19 MP: 4/6
   844 | D:1      | Gained mutation: You are in touch with the powers of death.
                  | [Mummy growth]
   844 | D:1      | Reached XP level 3. HP: 24/24 MP: 3/7
   902 | D:1      | Learned a level 1 spell: Animate Skeleton
   906 | D:1      | Learned a level 3 spell: Vampiric Draining
  1613 | D:2      | Reached skill level 5 in Necromancy
  1888 | D:2      | Reached XP level 4. HP: 30/30 MP: 6/9
  1939 | D:2      | You fall into a shaft and drop 2 floors!
  2116 | D:4      | HP: 1/30 [ufetubus (2)]
  2442 | D:4      | Reached XP level 5. HP: 35/35 MP: 6/11
  2626 | D:4      | Reached skill level 6 in Necromancy
  2754 | D:4      | Reached XP level 6. HP: 41/41 MP: 9/13
  2902 | D:4      | Reached skill level 5 in Spellcasting
  2981 | D:4      | Found an ornate altar of the Wu Jian Council.
  3188 | D:4      | Found a sacrificial altar of Ru.
  3495 | D:3      | Learned a level 4 spell: Animate Dead
  3501 | D:3      | Learned a level 5 spell: Agony
  3545 | D:3      | Noticed Grinder
  3554 | D:3      | Paralysed by Grinder for 4 turns
  3569 | D:3      | Killed Grinder
  3569 | D:3      | HP: 2/41 [spore (37)]
  3570 | D:3      | Reached skill level 7 in Necromancy
  3570 | D:3      | Reached XP level 7. HP: 2/46 MP: 1/15
  4496 | D:2      | Found Waczeiri's Weapon Shop.
  4824 | D:5      | Entered Level 5 of the Dungeon
  4826 | D:5      | Noticed Ijyb
  4892 | D:5      | Killed Ijyb
  5017 | D:5      | Noticed Menkaure
  5253 | D:5      | Identified a scroll of acquirement
  5253 | D:5      | Acquired a staff of death
  5350 | D:5      | Found a staircase to the Ecumenical Temple.
  5470 | Temple   | Entered the Ecumenical Temple
  5622 | Temple   | Became a worshipper of Yredelemnul the Dark
  5692 | D:5      | Reached skill level 8 in Necromancy
  5815 | D:5      | Reached * piety under Yredelemnul
  5823 | D:5      | Reached skill level 1 in Invocations
  5945 | D:5      | Killed Menkaure
  5946 | D:5      | Reached XP level 8. HP: 8/52 MP: 3/18
  6574 | D:5      | Reached ** piety under Yredelemnul
  6670 | D:5      | HP: 2/52 [hell rat (6)]
  6674 | D:5      | Slain by a hell rat

Illustrated notes

Levels and vault maps discovered:
D:1:      minmay_arrival_plants_in_alcoves, layout_loops_cross, minmay_vboxes
D:2:      layout_rooms, serial_shops, shop, wad_floor_pattern_2
D:3:      layout_rooms, serial_bayou, serial_bayou_pond_c, serial_bayou_pond_a,
          serial_bayou_lagoon_b, serial_bayou_ford_a, grunt_decor_mini_mirrors,
          uniq_grinder
D:4:      layout_rooms, nicolae_wu_jian_wuxing_cycle,
          mainiacjoe_overflow_chevrons, nicolae_figureground_sparkle
D:5:      wander_guarded_unrand_ratskin, layout_rooms,
          minmay_temple_entry_nine_rooms, serial_aquarium,
          aquarium_bridge_square [aquarium_subvault_window,
          aquarium_subvault_bridge, aquarium_subvault_wall,
          aquarium_subvault_wall], aquarium_window_2, aquarium_window_fake,
          aquarium_window_fake, aquarium_view_2b, aquarium_view_2d,
          aquarium_pool_2, grunt_decor_arrowhead, uniq_ijyb, uniq_menkaure
Temple:   regret_index_temple_waves

Skill      XL: |  1  2  3  4  5  6  7 |
---------------+----------------------+-----
Spellcasting   | 3 4 5 6 |  6.9
Necromancy     | 5 6 7 8 |  8.7
Invocations    | 1 |  1.9
Dodging        | |  1.5
Stealth        | |  1.5

Action                   |  1- 3 |  4- 6 |  7- 9 || total
-------------------------+-------+-------+-------++-------
Melee: Unarmed           |     3 |       |       ||     3
       Short sword       |    22 |    15 |       ||    37
       Dagger            |       |     6 |     3 ||     9
       Staff             |       |       |    55 ||    55
 Cast: Pain              |    80 |    84 |    27 ||   191
       Animate Skeleton  |     3 |     3 |     1 ||     7
       Vampiric Draining |       |     2 |    19 ||    21
Evoke: Wand              |       |       |     2 ||     2
  Use: Scroll            |     3 |     2 |     8 ||    13
 Stab: Distracted        |       |       |     2 ||     2
       Sleeping          |       |       |     1 ||     1
Armor: Robe              |    25 |     8 |    13 ||    46
Dodge: Dodged            |    35 |    39 |    51 ||   125

Table legend: (Time is in decaauts)
 A = Elapsed time spent in this place.
 B = Non-inter-level travel time spent in this place.
 C = Inter-level travel time spent in this place.
 D = Time resting spent in this place.
 E = Time spent auto-exploring this place.
 F = Levels seen in this place.
 G = Mean time per level.
                   A        B        C        D        E       F      G
               +--------+--------+--------+--------+--------+-----+--------+
         Total |   6724 |   6413 |    311 |   1065 |   4559 |   6 | 1120.7 |
       Dungeon |   6552 |   6302 |    250 |   1065 |   4459 |   5 | 1310.4 |
        Temple |    172 |    112 |     60 |      0 |     99 |   1 |  172.0 |
               +--------+--------+--------+--------+--------+-----+--------+

Top non-repeatable levels by time:
     D:4: 1657 daAuts
     D:1: 1578 daAuts
     D:5: 1409 daAuts
     D:3: 1122 daAuts
     D:2: 784 daAuts
  Temple: 172 daAuts
